 Dungeon Crawl Stone Soup version 0.28.0-53-g5a82cb258f (webtiles) character file.

Game seed: 15946125207518236

45 ChickenMitten the Shield-Bearer (level 3, -1/30 HPs)
             Began as a Formicid Fighter on July 31, 2022.
             Succumbed to a gnoll's poison
             ... on level 2 of the Dungeon.
             The game lasted 00:01:48 (1259 turns).

ChickenMitten the Shield-Bearer (Formicid Fighter)  Turns: 1259, Time: 00:01:48

Health: -1/30      AC:  7    Str: 22    XL:     3   Next: 90%
Magic:  3/3        EV:  9    Int:  7    God:
Gold:   62         SH:  4    Dex: 10    Spells: 2/2 levels left

rFire   . . .      SeeInvis +   e - +2 whip (vamp)
rCold   . . .      Faith    .   c - +0 buckler
rNeg    . . .      Spirit   .   b - +0 scale mail
rPois   .          Reflect  .   (helmet unavailable)
rElec   .          Harm     .   (no cloak)
rCorr   .          Rampage  .   (no gloves)
Will    .....                   (no boots)
Stlth   ..........              (no amulet)
HPRegen 0.10/turn               (no ring)
MPRegen 0.08/turn               (no ring)

@: lethally poisoned (-1 -> -21)
A: permanent stasis, dig shafts and tunnels, antennae 3, four strong arms
a: Dig, Shaft Self


You were on level 2 of the Dungeon.
You visited 1 branch of the dungeon, and saw 2 of its levels.

You collected 62 gold pieces.

Inventory:

Hand Weapons
 a - a +0 war axe
 e - a +2 vampiric whip (weapon)
Armour
 b - a +0 scale mail (worn)
 c - a +0 buckler (worn)
Scrolls
 f - a scroll of magic mapping {unknown}
 g - 2 scrolls of teleportation {unknown}
 i - 2 scrolls of identify {unknown}
Potions
 d - a potion of might


   Skills:
 * Level 4.0 Fighting
 * Level 2.2 Axes
 * Level 3.8 Armour
 * Level 4.1 Shields


You had 2 spell levels left.
You didn't know any spells.
Your spell library contained the following spells:

 Spells                   Type           Power      Damage    Failure   Level
 Tukima's Dance           Hex            0%         N/A       99%         3
 Passage of Golubria      Tloc           0%         N/A       100%        4
 Yara's Violent Unravell  Hex/Tmut       0%         3d3       100%        5


Dungeon Overview and Level Annotations

Branches:
Dungeon (2/15)

Altars:


Innate Abilities, Weirdness & Mutations

You cannot be hasted, slowed, berserked, paralysed or teleported.
You can dig through walls and to a lower floor.
You have a pair of large antennae on your head. (SInv)
Your four strong arms can wield two-handed weapons with a shield.


Message History

You are too injured to fight recklessly!
You are too injured to fight recklessly!
You are too injured to fight recklessly!
You are too injured to fight recklessly!
You are too injured to fight recklessly!
You are too injured to fight recklessly!
You are too injured to fight recklessly!
You are too injured to fight recklessly!
You are too injured to fight recklessly!
You are too injured to fight recklessly!
You are too injured to fight recklessly!
You are too injured to fight recklessly!
You are too injured to fight recklessly!
You are too injured to fight recklessly!
You are too injured to fight recklessly!
You are too injured to fight recklessly!
You are too injured to fight recklessly!
You are too injured to fight recklessly!
You are too injured to fight recklessly!
You are too injured to fight recklessly!
You are too injured to fight recklessly!
You are too injured to fight recklessly!
You are too injured to fight recklessly!
You are too injured to fight recklessly!
You are too injured to fight recklessly!
You whack the gnoll!
The gnoll is heavily wounded.
* * * LOW HITPOINT WARNING * * *
You feel very sick. You block the gnoll's attack. The endoplasm hits you.
* * * LOW HITPOINT WARNING * * *
It was a potion of cancellation.
You feel magically purged.
* * * LOW HITPOINT WARNING * * *
You feel very sick. The gnoll hits you but does no damage.
You are more poisoned.
The endoplasm closely misses you.
You completely miss the gnoll.
The gnoll is heavily wounded.
You die...

#....# #..
#....#####.#.
##.#......... {
##.#######.#.#
##...#####
##†.........
######.††....####
#............#
#..#...#@#####
#.......Jg.#
#.....#..##..#
#>...#..#. #$#
#......#.#. #
#...#.. . ##
#...... ## ...#


You could see a gnoll and an endoplasm.

Vanquished Creatures
  An adder (D:2)
  A worm (D:2)
  2 dart slugs (D:1)
  2 bats (D:1)
  4 endoplasms (D:1)
  3 goblins
  2 hobgoblins (D:1)
  4 quokkas
  A ball python (D:2)
  A frilled lizard (D:1)
  4 kobolds (D:1)
  5 rats
30 creatures vanquished.

Notes
Turn   | Place    | Note
-------+----------+-------------------------------------------
     0 | D:1      | ChickenMitten the Formicid Fighter began the quest for the
                  | Orb.
     0 | D:1      | Reached XP level 1. HP: 18/18 MP: 1/1
    37 | D:1      | Reached XP level 2. HP: 7/24 MP: 2/2
   760 | D:1      | Reached XP level 3. HP: 29/29 MP: 3/3
   973 | D:1      | Found a faded altar of an unknown god.
  1259 | D:2      | Succumbed to a gnoll's poison

Illustrated notes

Levels and vault maps discovered:
D:1:      dpeg_arrival_leaves_temple_mockup, layout_basic,
          hellmonk_ecumenical_altar_blasted, serial_co_window_serial,
          co_window_of_opportunity_a, co_window_corner_a, co_window_corner_a,
          co_window_of_opportunity_a, co_window_of_opportunity_a,
          co_window_of_opportunity_c, co_window_2corner,
          co_window_unsneaky_path_c, co_window_corner_cb,
          co_window_of_opportunity_b, co_window_of_opportunity_c,
          co_window_paths_e, co_window_paths_d, glass_columns_c,
          glass_columns_a, glass_columns_c, glass_columns_c
D:2:      layout_loops_ring, st_stairs_11, minmay_increasing_density

Skill      XL: |  1  2  3 |
---------------+----------+-----
Shields        | 4 |  4.1
Fighting       | 4 |  4.0
Axes           | |  2.2
Armour         | |  3.8

Action                   || total
-------------------------++-------
Melee: War axe           ||     9
       Whip              ||    82
  Use: Potion            ||     1
Armor: Scale mail        ||    35
Dodge: Dodged            ||    40
Block: Buckler           ||    24
